Map: Pillars of Gold LE

Players

Astrea - Winner!

  • Race: Protoss Protoss
  • Spawn Location: 1:00

Future

  • Race: Terran Terran
  • Spawn Location: 7:00

Event: DreamHack SC2 Masters 2020 Summer North America

VOD

Have the link to the VOD?

Description

Time

  • Played on: July 1, 2020, 5:22 p.m.
  • Length: 12:42

All games in this series

Show
View Real Time Build Order
Export as new Build Order

Astrea Protoss - Winner!

Build Orders: 1 Gate Expand, Colossus Rush, Dark Templar Rush 

Get SALT Encoding   

  12  0:00  Probe  
  13  0:13  Probe  
  14  0:18  Pylon  
  14  0:24  Probe  
  15  0:32  Probe  
  15  0:38  Gateway  
  15  0:40  Probe  
  16  0:48  Assimilator  
  17  0:51  Probe  
  18  1:03  Probe  
  19  1:15  Probe  
  20  1:26  Cybernetics Core  
  20  1:35  Nexus  
  20  1:39  Probe  
  21  1:46  Pylon  
  21  1:51  Probe  
  22  1:54  Adept  
  22  1:55  Assimilator  
  22  2:04  Probe  
  22  2:07  Warp Gate  
  25  2:15  Stalker  
  25  2:16  Probe  
  26  2:28  Probe  
  29  2:40  Probe  
  29  2:42  Twilight Council  
  30  2:44  Probe  
  31  2:52  Probe x2  
  31  2:58  Pylon  
  33  3:02  Probe  
  33  3:04  Probe  
  35  3:14  Probe  
  35  3:16  Probe  
  37  3:20  Dark Shrine  
  37  3:26  Probe  
  38  3:28  Probe  
  38  3:30  Gateway  
  38  3:32  Robotics Facility  
  39  3:38  Probe  
  39  3:40  Probe  
  41  3:45  Gateway  
  41  3:50  Probe  
  41  3:52  Probe  
  41  3:55  Stalker  
  45  4:03  Probe  
  45  4:05  Probe  
  46  4:10  Warp Prism  
  46  4:13  Assimilator  
  46  4:14  Assimilator  
  46  4:15  Probe  
  46  4:16  Pylon  
  47  4:18  Probe  
  50  4:27  Probe  
  50  4:30  Probe  
  52  4:31  Dark Templar  
  52  4:34  Dark Templar  
  52  4:37  Pylon  
  56  4:39  Probe  
  56  4:42  Dark Templar  
  59  4:45  Probe  
  59  4:47  Pylon  
  58  4:57  Probe  
  59  5:07  Sentry  
  59  5:14  Pylon  
  61  5:21  Charge  
  61  5:22  Probe  
  61  5:26  Robotics Bay  
  61  5:28  Probe  
  63  5:32  Nexus  
  63  5:37  Sentry  
  63  5:41  Probe  
  66  5:43  Probe  
  66  5:44  Gateway  
  66  5:47  Gateway  
  67  5:53  Probe  
  67  5:55  Probe  
  67  5:57  Colossus  
  69  6:05  Probe  
  69  6:08  Probe  
  71  6:12  Gateway  
  71  6:14  Gateway  
  71  6:16  Gateway  
  71  6:17  Extended Thermal Lance  
  77  6:19  Gateway  
  77  6:21  Probe x2  
  77  6:24  Sentry  
  81  6:32  Pylon  
  81  6:35  Stalker x2  
  83  6:41  Colossus  
  83  6:43  Zealot x2  
  83  6:44  Shield Battery  
  85  6:55  Dark Templar  
  93  7:04  Zealot x3  
  91  7:23  Zealot x5  
  91  7:29  Probe  
  99  7:30  Probe  
  99  7:32  Sentry  
  99  7:33  Sentry  
  103  7:37  Forge  
  103  7:38  Forge  
  103  7:44  Stalker x3  
  103  7:50  Stalker  
  103  7:51  Stalker  
  109  7:56  Probe  
  94  7:59  Twilight Council  
  94  8:04  Probe  
  91  8:06  Pylon  
  91  8:12  Probe  
  91  8:14  Zealot x5  
  101  8:22  Protoss Ground Weapons Level 1, Protoss Ground Armor Level 1  
  101  8:25  Pylon  
  98  8:27  Blink  
  98  8:28  Pylon  
  98  8:37  Stalker  
  100  8:43  Stalker x4  
  108  9:03  Probe  
  108  9:06  Warp Prism  
  108  9:07  Zealot  
  109  9:14  Pylon  
  109  9:16  Pylon  
  109  9:31  Probe  
  109  9:32  Probe x2  
  109  9:33  Dark Templar, Zealot x4  
  109  9:34  Zealot x2  
  125  9:41  Zealot x2  
  125  9:44  Probe  
  122  9:53  Pylon  
  120  10:00  Shadow Stride  
  120  10:03  Stalker x6  
  102  10:25  Dark Templar  
  102  10:26  Colossus  
  102  10:27  Probe x3  
  107  10:28  Assimilator, Zealot x5  
  107  10:29  Zealot  
  107  10:30  Assimilator  
  119  10:39  Probe x2  
  127  10:43  Dark Templar, Pylon  
  128  11:05  Pylon  
  128  11:11  Disruptor  
  128  11:20  Robotics Facility  
  128  11:22  Shield Battery, Zealot  
  133  11:29  Pylon x2  
  133  11:38  Disruptor  
  133  11:39  Shield Battery  
  133  11:40  Shield Battery, Zealot x2  
  133  11:41  Shield Battery, Zealot x2  
  133  11:42  Gravitic Drive, Pylon  
  144  11:57  Pylon  
  144  12:00  Disruptor  
  144  12:03  Dark Templar, Zealot x3  
  144  12:04  Zealot x5  
  163  12:25  Zealot x5  
  152  12:30  Stalker  
  130  12:38  Stalker x3  
Show
View Real Time Build Order
Export as new Build Order

Future Terran 

Build Orders: Reaper Expand 

Get SALT Encoding   

  12  0:00  SCV  
  13  0:12  SCV  
  14  0:18  Supply Depot  
  14  0:25  SCV  
  15  0:39  SCV  
  15  0:41  Barracks  
  16  0:45  Refinery  
  16  0:51  SCV  
  17  1:03  SCV  
  18  1:16  SCV  
  19  1:28  Orbital Command, Reaper  
  20  1:45  Command Center  
  20  1:54  SCV  
  20  2:00  Marine  
  22  2:02  Supply Depot  
  22  2:06  SCV  
  23  2:13  Factory  
  23  2:22  Barracks Reactor  
  23  2:23  SCV  
  23  2:27  Refinery  
  24  2:35  SCV  
  25  2:38  Bunker  
  25  2:47  SCV  
  26  2:56  Orbital Command  
  26  2:59  Marine x2  
  26  3:00  SCV  
  28  3:09  Hellion  
  30  3:16  Starport  
  30  3:17  SCV  
  31  3:23  SCV  
  31  3:24  Marine  
  31  3:25  Marine  
  34  3:30  SCV, Factory Tech Lab  
  35  3:35  SCV  
  35  3:37  Supply Depot  
  36  3:42  Marine, SCV  
  36  3:45  Marine  
  36  3:47  SCV  
  40  3:54  SCV, Barracks  
  41  3:59  Raven  
  41  4:00  SCV  
  41  4:01  Factory Tech Lab  
  42  4:10  SCV  
  42  4:12  Marine x2, SCV  
  42  4:14  Supply Depot  
  45  4:17  Refinery  
  45  4:19  Siege Tank  
  45  4:22  SCV  
  45  4:24  SCV  
  50  4:27  Engineering Bay  
  50  4:29  Marine  
  50  4:30  Marine  
  52  4:34  SCV  
  52  4:36  SCV  
  52  4:37  Supply Depot  
  54  4:43  Barracks  
  54  4:47  SCV  
  54  4:48  Marine x2, SCV  
  54  4:51  Marine  
  59  4:53  Stimpack  
  59  4:56  Terran Infantry Weapons Level 1  
  59  4:58  Starport Reactor  
  59  4:59  SCV  
  60  5:01  SCV  
  60  5:04  Supply Depot  
  61  5:09  Missile Turret  
  61  5:13  SCV x2  
  63  5:14  Marine x3  
  63  5:19  Supply Depot  
  65  5:23  Factory Reactor  
  65  5:25  SCV x2  
  67  5:31  Refinery  
  67  5:32  Supply Depot, Marine x2  
  67  5:34  Marine  
  67  5:35  Medivac  
  72  5:37  Medivac  
  72  5:40  Combat Shield  
  72  5:41  Marine  
  75  5:49  Supply Depot  
  75  5:54  Marauder, Marine x2  
  79  5:59  Marauder  
  79  6:00  Widow Mine x2  
  85  6:06  Medivac, Missile Turret  
  85  6:09  Medivac  
  89  6:13  Marine  
  89  6:14  Marine  
  89  6:16  Marauder  
  93  6:21  Marauder, Widow Mine  
  93  6:25  Supply Depot  
  97  6:29  Supply Depot  
  97  6:30  Widow Mine  
  97  6:34  Marine x2  
  97  6:37  Marauder  
  97  6:38  Concussive Shells  
  101  6:46  Marauder  
  103  6:51  Medivac x2  
  103  6:53  Widow Mine  
  107  6:57  Marine x2  
  107  6:58  Marine  
  108  7:05  Widow Mine  
  108  7:08  Marauder  
  108  7:14  Marine  
  106  7:24  Marauder, Marine  
  106  7:27  Command Center  
  106  7:29  Marauder  
  105  7:31  Terran Infantry Armor Level 1  
  105  7:32  Marine  
  105  7:33  Supply Depot, SCV  
  105  7:34  SCV  
  108  7:39  Viking  
  110  7:46  SCV  
  111  7:57  SCV  
  111  7:58  Marauder, Marine x2, SCV  
  103  7:59  Marauder  
  105  8:09  SCV  
  105  8:10  SCV  
  103  8:15  Viking  
  103  8:16  Viking  
  105  8:22  SCV x2  
  105  8:24  Marauder  
  105  8:26  Marine, Missile Turret  
  110  8:34  SCV x2  
  109  8:46  Viking  
  109  8:47  SCV x2, Viking  
  110  8:49  Orbital Command  
  110  8:56  Marauder x2  
  110  9:01  SCV  
  114  9:02  SCV  
  112  9:10  Marine x2  
  112  9:13  Barracks  
  114  9:17  Barracks  
  114  9:20  Marauder x2  
  114  9:23  Viking x2  
  122  9:28  Marine x2  
  120  9:44  Marauder x2  
  122  9:46  Marine  
  122  9:51  Barracks x2  
  122  9:52  Barracks  
  121  9:53  Viking  
  121  9:55  Viking  
  121  9:58  Widow Mine x2  
  129  10:02  Marine  
  129  10:04  Marine  
  129  10:05  Marauder  
  129  10:06  Marauder, SCV x2  
  117  10:14  Barracks Reactor, Barracks Tech Lab  
  109  10:18  SCV x2  
  111  10:22  Marine x2  
  111  10:23  Ghost Academy  
  111  10:26  Viking  
  111  10:27  Marauder x2  
  119  10:35  Marauder  
  121  10:36  Viking  
  121  10:40  Marine x2  
  125  10:48  Marauder x2  
  129  10:52  Marine x2  
  129  10:56  Marauder  
  133  10:57  Marine  
  133  10:58  Marine  
  133  10:59  Marine  
  133  11:00  Supply Depot, Marine x2  
  133  11:03  Supply Depot  
  138  11:09  Ghost x2  
  138  11:10  SCV x3  
  140  11:19  Marine  
  140  11:24  Supply Depot x2, Marine x5, Ghost  
  148  11:28  Marine  
  148  11:32  Viking  
  151  11:35  Viking  
  151  11:37  Marine  
  151  11:38  Marauder  
  156  11:40  Supply Depot  
  156  11:42  Marine  
  156  11:45  Marine x4  
  156  11:46  Marauder  
  163  11:51  Marine  
  163  11:53  Marauder  
  166  11:55  Marine  
  166  11:59  Marauder  
  166  12:00  Marine  
  170  12:04  Supply Depot  
  170  12:05  Supply Depot  
  170  12:06  Marine x2  
  170  12:07  Marauder  
  173  12:08  Marine  
  173  12:14  Marauder  
Tags
 
Add a new tag
Caveats
  • Supply blocks, unpowered buildings, or Contaminate may cause inaccurate times.
  • Supply counts are checked every 10 seconds.